 Dungeon Crawl Stone Soup version 0.28.0-47-ge53b351184 (webtiles) character file.

Game seed: 6638820951450612505

590 Peloso the Slasher (level 7, -2/61 HPs)
             Began as a Minotaur Fighter on May 8, 2022.
             Slain by a two-headed ogre
             ... wielding a +0 giant spiked club
              (11 damage)
             ... on level 5 of the Dungeon.
             The game lasted 00:05:54 (4259 turns).

Peloso the Slasher (Minotaur Fighter)               Turns: 4259, Time: 00:05:54

Health: -2/61      AC: 13    Str: 21    XL:     7   Next: 15%
Magic:  6/6        EV:  7    Int:  5    God:
Gold:   214        SH:  5    Dex: 11    Spells: 6/6 levels left

rFire   . . .      SeeInvis .   a - +0 long sword
rCold   . . .      Faith    .   c - +0 buckler
rNeg    . . .      Spirit   .   f - +0 shadow dragon scales
rPois   .          Reflect  .   (helmet restricted)
rElec   .          Harm     .   (no cloak)
rCorr   .          Rampage  .   h - +0 pair of gloves
Will    .....                   (no boots)
Stlth   +++.......              (no amulet)
HPRegen 0.20/turn               (no ring)
MPRegen 0.10/turn               (no ring)

@: no status effects
A: horns 2, retaliatory headbutt
a: no special abilities


You were on level 5 of the Dungeon.
You visited 1 branch of the dungeon, and saw 5 of its levels.

You collected 214 gold pieces.

Inventory:

Hand Weapons
 a - a +0 long sword (weapon)
Armour
 b - a +0 scale mail
 c - a +0 buckler (worn)
 f - +0 shadow dragon scales (worn)
 h - a +0 pair of gloves (worn)
 l - a +0 chain mail
Jewellery
 k - the ring "Subb" {Contam Fly Str+4 Slay-5 SInv}
   (You found it on level 3 of the Dungeon)

   [ring of see invisible]

   Str:       It affects your strength (+4).
   Slay:      It affects your accuracy & damage with ranged weapons and melee
   (-5).
   SInv:      It lets you see invisible.
   Fly:       It grants you flight.
   Contam:    It causes magical contamination when unequipped.
Wands
 e - a wand of iceblast (4)
 j - a wand of digging (5)
Scrolls
 g - a scroll of immolation
 o - a scroll of torment {unknown}
 p - a scroll of blinking {unknown}
Potions
 d - 2 potions of might
 i - a potion of brilliance
 m - a potion of resistance
 n - a potion of heal wounds {unknown}
 q - a potion of curing {unknown}


   Skills:
 + Level 5.0 Fighting
 + Level 6.0 Long Blades
 + Level 5.8 Armour
 + Level 1.1 Dodging
 + Level 1.9 Stealth
 + Level 4.7 Shields


You had 6 spell levels left.
You didn't know any spells.
Your spell library contained the following spells:

 Spells                   Type           Power      Damage    Failure   Level
 Foxfire                  Conj/Fire      0%         2x1d4     99%         1
 Corpse Rot               Necr/Air       0%         N/A       100%        2
 Poisonous Vapours        Pois/Air       0%         N/A       100%        2
 Static Discharge         Conj/Air       0%         N/A       100%        2
 Conjure Flame            Conj/Fire      0%         6-21      100%        3
 Inner Flame              Hex/Fire       0%         N/A       100%        3
 Dispel Undead            Necr           0%         3d6       100%        4
 Flame Wave               Conj/Fire      0%         2d4       100%        4
 Sticky Flame             Conj/Fire      0%         2d3       100%        4


Dungeon Overview and Level Annotations

Branches:
Dungeon (5/15)
 Temple: D:4-7

Altars:


Innate Abilities, Weirdness & Mutations

You have a pair of horns on your head.
You reflexively headbutt those who attack you in melee.


Message History

You kill the black bear!
Your Fighting skill increases to level 5!
Your Long Blades skill increases to level 6!
You have reached level 7!
There is an open door here.
You open the door.
There is an open door here.
There is an open door here.
You open the door.
A two-headed ogre and an ogre come into view.
There are monsters nearby!
There are monsters nearby!
There are monsters nearby!
Found a stone staircase leading down.
The two-headed ogre shouts in stereo!
There is an open door here.
Found 14 gold pieces.
The ogre shouts!
You hit the two-headed ogre.
The two-headed ogre is lightly wounded.
The two-headed ogre hits you with a +0 giant spiked club!!
The two-headed ogre completely misses you.
You hit the two-headed ogre.
The two-headed ogre is lightly wounded.
The two-headed ogre hits you with a +0 giant spiked club!
The two-headed ogre closely misses you.
A shadow imp comes into view.
The shadow imp shouts!
You slash the two-headed ogre!
The two-headed ogre is moderately wounded.
The two-headed ogre barely misses you. You furiously retaliate!
You headbutt the two-headed ogre, but do no damage.
The two-headed ogre hits you with a +0 giant spiked club!!
* * * LOW HITPOINT WARNING * * *
The ogre hits you but does no damage.
There is an open door here.
There is an open door here.
There is a stone staircase leading up here.
The two-headed ogre hits you with a +0 giant spiked club!
You die...

#.....#....'....#
#.....#....#....#
#.....#5...#....#
#.....'....#....#
##########.....###########
#....................#...#
#...........O........#...#
#..........O.........'†..#
#.........@..........#...#
#....................#...#
#....................#...#
#(...................#...#.
##########...........#####.
##'######.........
#.......#........#
#.......#........#
#.......#........#


You could see a two-headed ogre, an ogre and a shadow imp.

Vanquished Creatures
  A black bear (D:5)
  An ogre (D:5)
  A scorpion (D:5)
  A water moccasin skeleton (D:5)
  An orc priest (D:4)
  Ijyb (D:5)
  Natasha (thrice) (D:3)
  An orc wizard (D:4)
  4 adders
  A shadow imp (D:5)
  2 worms (D:2)
  6 dart slugs
  4 orcs
  3 endoplasms
  A giant cockroach (D:4)
  7 goblins
  8 hobgoblins
  17 jackals
  4 quokkas
  8 ball pythons
  2 bats
  3 frilled lizards (D:2)
  A jackal skeleton (D:4)
  10 kobolds
  6 rats
97 creatures vanquished.

Notes
Turn   | Place    | Note
-------+----------+-------------------------------------------
     0 | D:1      | Peloso the Minotaur Fighter began the quest for the Orb.
     0 | D:1      | Reached XP level 1. HP: 19/19 MP: 0/0
   189 | D:1      | Reached XP level 2. HP: 27/27 MP: 1/1
   432 | D:1      | Reached XP level 3. HP: 31/33 MP: 2/2
   458 | D:1      | Found a faded altar of an unknown god.
   860 | D:2      | Reached skill level 3 in Long Blades
  1297 | D:2      | Reached XP level 4. HP: 40/40 MP: 3/3
  2055 | D:3      | Noticed Natasha
  2060 | D:3      | Killed Natasha
  2125 | D:3      | Identified the ring "Subb" {Contam Fly Str+4 Slay-5 SInv}
  2133 | D:3      | Noticed Natasha
  2140 | D:3      | Killed Natasha
  2141 | D:3      | Reached skill level 4 in Long Blades
  2141 | D:3      | Reached XP level 5. HP: 45/47 MP: 4/4
  2351 | D:3      | Noticed Natasha
  2355 | D:3      | Killed Natasha
  2356 | D:3      | Reached skill level 1 in Stealth
  2876 | D:4      | Reached skill level 1 in Dodging
  3212 | D:4      | Reached skill level 5 in Armour
  3511 | D:4      | Reached XP level 6. HP: 53/53 MP: 5/5
  3719 | D:5      | Entered Level 5 of the Dungeon
  3719 | D:5      | Noticed Ijyb
  3730 | D:5      | Killed Ijyb
  3747 | D:5      | Reached skill level 5 in Long Blades
  4154 | D:5      | Reached skill level 5 in Fighting
  4154 | D:5      | Reached skill level 6 in Long Blades
  4154 | D:5      | Reached XP level 7. HP: 51/61 MP: 6/6
  4233 | D:5      | Noticed a two-headed ogre
  4259 | D:5      | Slain by a two-headed ogre

Illustrated notes

Levels and vault maps discovered:
D:1:      minmay_arrival_four_circles, layout_basic,
          ebering_ecumenical_altar_webs, nrook_campfire, st_stairs_6
D:2:      layout_loops_ring, serial_aquarium, aquarium_bridge_square
          [aquarium_subvault_wall, aquarium_subvault_window,
          aquarium_subvault_bridge, aquarium_subvault_bridge],
          aquarium_bridge_square [aquarium_subvault_window,
          aquarium_subvault_window, aquarium_subvault_bridge,
          aquarium_subvault_bridge], aquarium_window_corner,
          aquarium_window_corner, aquarium_window_2, aquarium_view_2c,
          aquarium_view_2c, aquarium_pool_2, columned_hall_lemuel, minivault_25,
          minmay_misc_feat_more_columns, hex_medium
D:3:      layout_rooms, nicolae_concentric_dashed_squares_mild, uniq_natasha
D:4:      layout_basic, grunt_decor_resistance
D:5:      layout_gridville, uniq_ijyb

Skill      XL: |  1  2  3  4  5  6 |
---------------+-------------------+-----
Armour         | 4 5 |  5.8
Fighting       | 4 5 |  5.0
Shields        | 4 |  4.7
Long Blades    | 3 4 6 |  6.0
Stealth        | 1 |  1.9
Dodging        | 1 |  1.1

Action                   |  1- 3 |  4- 6 |  7- 9 || total
-------------------------+-------+-------+-------++-------
Melee: Long sword        |    93 |   135 |     3 ||   231
       Headbutt          |     9 |    18 |       ||    27
  Use: Scroll            |       |     6 |       ||     6
 Stab: Sleeping          |     3 |     9 |       ||    12
Armor: Scale mail        |    44 |       |       ||    44
       Shadow dragon sca |     7 |    71 |     1 ||    79
Dodge: Dodged            |    44 |    48 |     3 ||    95
Block: Buckler           |    22 |    28 |       ||    50
